 Dungeon Crawl Stone Soup version 0.31-a0-818-ge7c7cf74f0 (webtiles) character file.

Game seed: 387977780342387819

272 LeprechaunX the Changeling (level 6, 0/41 HPs)
             Began as an Octopode Shapeshifter on Sept 22, 2023.
             Was an Initiate of Ru.
             Slain by an endoplasm (3 damage)
             ... in a sewer.
             The game lasted 00:04:18 (2735 turns).

LeprechaunX the Changeling (Octopode Shapeshifter)  Turns: 2735, Time: 00:04:19

Health: 0/41       AC: -11   Str: 15    XL:     6   Next: 23%
Magic:  6/6        EV: 13    Int: 13    God:    Ru [......]
Gold:   137        SH:  3    Dex: 11    Spells: 5/5 levels left

rFire   . .          .
                       - Unarmed
rCold   . . .        s - +0 buckler
rNeg    . . .        (helmet currently unavailable)
rPois   .            (no amulet)
rElec   .            (no ring)
rCorr   .            (no ring)
SInv    .            (no ring)
Will    .....        (no ring)
Stlth   ++           (no ring)
HPRegen 0.26/turn    (no ring)
MPRegen 0.10/turn    (no ring)
                     (no ring)

%: no passive effects
@: beast-form, corroded
A: beast (slay +2), almost no armour, amphibious, 8 rings, camouflage 1,
gelatinous body 1, (nimble swimmer 1), tentacles
a: Begin Untransformation, Renounce Religion


You were in a sewer.
You worshipped Ru.
Ru was noncommittal.
You were a hulking beast.
You visited 1 branch of the dungeon, and saw 4 of its levels.
You also visited: Sewer.

You collected 137 gold pieces.

Inventory:

Hand Weapons
 a - a +0 sling
Armour
 s - a +0 buckler (worn)
Jewellery
 q - a ring of fire
 t - a ring of fire
Talismans
 b - a beast talisman (active)
 c - a flux talisman
 e - a blade talisman
Wands
 m - a wand of flame (15)
Scrolls
 f - 6 scrolls of identify {unknown}
 h - a scroll of silence {unknown}
 i - a scroll of fog {unknown}
 j - a scroll of fear {unknown}
 r - 4 scrolls of teleportation {unknown}
Potions
 d - a potion of invisibility {unknown}
 g - 2 potions of lignification
 k - 3 potions of curing {unknown}
 l - a potion of cancellation {unknown}
 n - a potion of heal wounds {unknown}
 o - a potion of attraction {unknown}
 p - a potion of mutation {unknown}


   Skills:
 + Level 2.8 Fighting
 - Level 3.0 Dodging
 + Level 4.0 Unarmed Combat
 * Level 4.7 Shapeshifting


You had 5 spell levels left.
You didn't know any spells.
Your spell library contained the following spells:

 Spells                   Type           Power      Damage    Failure   Level
 Magic Dart               Conj           0%         1d3       38%         1
 Call Imp                 Summ           0%         N/A       54%         2
 Cigotuvi's Dreadful Rot  Necr/Pois/Air  0%         N/A       54%         2
 Ignite Poison            Fire/Tmut/Pois 0%         N/A       77%         3
 Mephitic Cloud           Conj/Pois/Air  0%         N/A       77%         3
 Freezing Cloud           Conj/Ice/Air   0%         6-21      100%        5


Dungeon Overview and Level Annotations

Branches:
Dungeon (4/15)              Sewer (1/1)
 Temple: D:4-7

Altars:
Ru
Xom


Innate Abilities, Weirdness & Mutations

You are a hulking beast.
Your limbs bulge with bestial killing power. (Slay +2)
You cannot wear most types of armour.
You are amphibious.
You can wear up to eight rings at the same time.
Your skin changes colour to match your surroundings (Stealth+).
Your rubbery body absorbs attacks. (AC +1, EV +1)
((You are camouflaged when in or above water. (Stealth+)))
You have tentacles for arms and can constrict up to eight enemies at once.


Message History

The jelly is severely wounded.
The jelly hits you.
* * * LOW HITPOINT WARNING * * *
You are splashed with acid.
* * * LOW HITPOINT WARNING * * *
You tentacle-slap the jelly but do no damage.
Your tentacles burn!
* * * LOW HITPOINT WARNING * * *
You squeeze the jelly.
You kill the jelly!
Your Unarmed Combat skill increases to level 4!
Unknown command.
You tentacle-slap the endoplasm but do no damage.
The endoplasm jiggles.
The endoplasm closely misses you.
Unknown command.
You tentacle-slap the endoplasm but do no damage.
You block the endoplasm's attack.
Unknown command.
You tentacle-slap the endoplasm but do no damage.
You squeeze the endoplasm, but do no damage.
The endoplasm barely misses you.
You tentacle-slap the endoplasm.
You tentacle-slap the endoplasm, but do no damage.
You squeeze the endoplasm, but do no damage.
The endoplasm is heavily wounded.
The endoplasm splashes around in the water.
You tentacle-slap the endoplasm but do no damage.
The endoplasm is heavily wounded.
The endoplasm splashes around in the water.
You tentacle-slap the endoplasm.
You squeeze the endoplasm, but do no damage.
The endoplasm is severely wounded.
The endoplasm freezes you.
You are frozen.
* * * LOW HITPOINT WARNING * * *
You tentacle-slap the endoplasm but do no damage.
The endoplasm is severely wounded.
The endoplasm hits you.
You die...

#~~.## ##...##
#~.~###.~..#
#..~....~##
###~.~.~~##
###.~~.~~~##
##.....~~..#
##..~..~.#.~~#
#...##~~.##..~#
#~h##~.~..##.~.~
#~J.##~~#~!.#.~..~
#!.~~##.~##.##~.###
#!.~###J.~ ## #
#!~. ∩~ ##.~ ##. #~


You could see an endoplasm.

Vanquished Creatures
  A jelly (Sewer)
  An orc priest (D:3)
  A hound (D:4)
  Terence (D:2)
  A gnoll (D:1)
  6 adders
  A river rat (Sewer)
  2 worms (D:2)
  A dart slug (D:1)
  3 orcs (D:3)
  11 endoplasms
  7 giant cockroaches
  3 goblins
  6 hobgoblins
  3 jackals (D:2)
  5 quokkas
  7 ball pythons
  4 bats
  7 frilled lizards
  4 kobolds
  5 rats
80 creatures vanquished.

Notes
Turn   | Place    | Note
-------+----------+-------------------------------------------
     0 | D:1      | LeprechaunX the Octopode Shapeshifter began the quest for
                  | the Orb.
     0 | D:1      | Reached XP level 1. HP: 13/13 MP: 1/1
   220 | D:1      | Reached XP level 2. HP: 14/18 MP: 2/2
   494 | D:1      | Reached XP level 3. HP: 23/23 MP: 3/3
  1307 | D:2      | Noticed Terence
  1313 | D:2      | Killed Terence
  1314 | D:2      | Reached XP level 4. HP: 5/29 MP: 4/4
  1778 | D:3      | Reached XP level 5. HP: 26/34 MP: 5/5
  1856 | D:3      | Found a shimmering altar of Xom.
  1861 | D:3      | Found a sacrificial altar of Ru.
  1883 | D:3      | Became a worshipper of Ru the Awakened
  2529 | D:4      | Noticed a black bear
  2530 | D:4      | Noticed a phantom
  2600 | D:4      | Found a glowing drain.
  2609 | Sewer    | Entered a sewer
  2651 | Sewer    | Reached XP level 6. HP: 41/41 MP: 6/6
  2734 | Sewer    | HP: 2/41 [frozen (4)]
  2735 | Sewer    | Slain by an endoplasm

Illustrated notes

Levels and vault maps discovered:
D:1:      lemuel_arrival_room, layout_loops_ring
D:2:      layout_loops_cross, dk_noncrumbling_3, uniq_terence
D:3:      layout_loops_corners, grunt_temple_overflow_open
D:4:      layout_basic, nemelex_spade_bored_becter,
          lemuel_coloured_pillars_altar, nicolae_qazlal_general_emergency,
          gup_sewer_entry_bubbles, st_stairs_1, serial_bayou_pond_c,
          nicolae_nh_ransacked_shop
Sewer:    sewer_hellmonk_slimy_pipes

Skill      XL: |  1  2  3  4  5  6 |
---------------+-------------------+-----
Fighting       | 2 |  2.8
Shapeshifting  | 4 |  4.7
Dodging        | 3 |  3.0
Unarmed Combat | 4 |  4.0

Action                     |  1- 3 |  4- 6 || total
---------------------------+-------+-------++-------
  Melee: Unarmed           |    73 |    82 ||   155
         Constrict         |    16 |    19 ||    35
         Tentacles         |    11 |    19 ||    30
         Punch             |     2 |     3 ||     5
   Fire: Sling             |     4 |     3 ||     7
   Stab: Sleeping          |     6 |     8 ||    14
 Armour: Skin              |    26 |    17 ||    43
  Dodge: Dodged            |    40 |    31 ||    71
  Block: Buckler           |       |     5 ||     5

Table legend: (Time is in decaauts)
 A = Elapsed time spent in this place.
 B = Non-inter-level travel time spent in this place.
 C = Inter-level travel time spent in this place.
 D = Time resting spent in this place.
 E = Time spent auto-exploring this place.
 F = Levels seen in this place.
 G = Mean time per level.
                   A        B        C        D        E       F      G
               +--------+--------+--------+--------+--------+-----+--------+
         Total |   2728 |   2602 |    126 |     99 |   1994 |   5 |  545.6 |
       Dungeon |   2603 |   2477 |    126 |     99 |   1932 |   4 |  650.8 |
         Sewer |    124 |    124 |      0 |      0 |     62 |   1 |  124.0 |
               +--------+--------+--------+--------+--------+-----+--------+

Top non-repeatable levels by time:
     D:3: 905 daAuts
     D:2: 817 daAuts
     D:1: 780 daAuts
   Sewer: 124 daAuts
     D:4: 100 daAuts
